 Dungeon Crawl Stone Soup version 0.26-a0-712-ga5a9c9c9d0 (webtiles) character file.

Game seed: 7497006027547705941

286604 tilp the Unseen (level 19, -4/98 HPs)
             Began as a Spriggan Enchanter on Nov 13, 2020.
             Was the Champion of Dithmenos.
             Slain by a vault warden (31 damage)
             ... on level 3 of the Vaults.
             The game lasted 02:03:26 (65078 turns).

tilp the Unseen (Spriggan Enchanter)               Turns: 65078, Time: 02:03:26

Health: -4/98      AC:  6    Str:  4    XL:     19   Next: 84%
Magic:  2/39       EV: 31    Int: 30    God:    Dithmenos [******]
Gold:   494        SH: 12    Dex: 17    Spells: 8/48 levels left

rFire    . . .     SeeInvis +   a - +4 dagger (elec)
rCold    . . .     Faith    .   p - +0 buckler
rNeg     . . .     Spirit   .   C - +1 steam dragon scales
rPois    .         Reflect  +   o - +0 hat of Curiosity {*Drain rElec MR++ Slay+3}
rElec    +         Harm     .   W - scarf {shadows}
rCorr    .         Rampage  .   (gloves unavailable)
MR       +++++                  (boots unavailable)
Stlth    ++++++++++             r - amulet of reflection
HPRegen  0.26/turn              T - +6 ring of intelligence
MPRegen  0.26/turn              L - ring of Shadows {Umbra +Inv Stlth+}

@: wreathed by umbra, very quick
A: very small, unfitting armour, see invisible, speed 3
}: 2/15 runes: serpentine, barnacled
a: Shadow Step, Shadow Form, Renounce Religion, Evoke Invisibility


You were on level 3 of the Vaults.
You worshipped Dithmenos.
Dithmenos was exalted by your worship.
You visited 7 branches of the dungeon, and saw 35 of its levels.
You also visited: Ice Cave.

You collected 3560 gold pieces.
You spent 3066 gold pieces at shops.

Inventory:

Hand Weapons
 a - a +4 dagger of electrocution (weapon)
 b - the +3 quick blade of Bodily Harmony {freeze, rF+ Str+2 Int+4}
   (You bought it in a shop on level 1 of the Vaults)

   It has been specially enchanted to freeze those struck by it, causing extra
   injury to most foes and up to half again as much damage against particularly
   susceptible opponents.
   It can also slow down cold-blooded creatures.
   It affects your strength (+2).
   It affects your intelligence (+4).
   It protects you from fire.
 A - a +5 quick blade of venom
Missiles
 y - 7 datura-tipped darts
 J - 3 atropa-tipped darts (quivered)
 M - 14 curare-tipped darts
 N - 14 poisoned darts
 R - 5 throwing nets {!f}
Armour
 o - the +0 hat of Curiosity (worn) {*Drain rElec MR++ Slay+3}
   (You found it in an ice cave)

   It affects your accuracy and damage with ranged weapons and melee attacks
   (+3).
   It insulates you from electricity.
   It affects your resistance to hostile enchantments.
   It causes draining when unequipped.
 p - a +0 buckler (worn)
 C - +1 steam dragon scales (worn)
 W - a scarf of shadows (worn)
Jewellery
 f - an uncursed ring of positive energy
 k - an uncursed amulet of magic regeneration
 q - an uncursed ring of poison resistance
 r - an amulet of reflection (around neck)
 D - an uncursed ring of protection from cold
 L - the ring of Shadows (right hand) {Umbra +Inv Stlth+}
   (You bought it in a shop on level 2 of the Orcish Mines)

   [ring of stealth]

   It lets you turn invisible.
   It makes you more stealthy.
 O - an uncursed ring of wizardry
 T - a +6 ring of intelligence (left hand)
 U - an uncursed ring of flight
Wands
 s - a wand of flame (51)
 t - a wand of polymorph (38)
 F - a wand of acid (33)
 G - a wand of digging (9)
 H - a wand of iceblast (53)
 K - a wand of paralysis (22)
 V - a wand of enslavement (26)
Scrolls
 c - 19 scrolls of teleportation
 e - 5 scrolls of fog
 h - 3 scrolls of fear
 l - 7 scrolls of immolation
 u - 6 scrolls of amnesia
 v - a scroll of magic mapping
 z - 13 scrolls of remove curse
 B - 4 scrolls of blinking
 Y - 17 scrolls of identify
 Z - a scroll of silence
Potions
 d - a potion of stabbing
 g - 5 potions of brilliance
 i - 5 potions of heal wounds
 j - 4 potions of ambrosia
 n - 5 potions of cancellation
 w - 6 potions of haste
 x - 5 potions of mutation
 E - 8 potions of curing
 P - 2 potions of invisibility
 X - 3 potions of magic
Miscellaneous
 m - a lightning rod (4/4)
 I - a box of beasts (3/3)
 Q - a tin of tremorstones (3/3)
 S - a condenser vane (2/2)


   Skills:
 + Level 10.3 Fighting
 - Level 10.0 Short Blades
 + Level 2.9 Throwing
 - Level 16.0 Dodging
 - Level 16.0 Stealth
 - Level 4.0 Shields
 - Level 15.0 Spellcasting
 - Level 10.0 Conjurations
 - Level 15.0 Hexes
 - Level 4.0 Transmutations
 - Level 4.0 Fire Magic
 - Level 4.0 Ice Magic
 - Level 12.0 Earth Magic
 - Level 8.0 Invocations
 - Level 15.0 Evocations


You had 8 spell levels left.
You knew the following spells:

 Your Spells              Type           Power        Failure   Level
a - Corona                Hex            ######.      0%          1
b - Ensorcelled Hibernat  Hex/Ice        #####.       1%          2
c - Confusing Touch       Hex            ######..     0%          3
d - Tukima's Dance        Hex            ######..     0%          3
e - Dazzling Flash        Conj/Hex       #####.       1%          3
f - Petrify               Tmut/Erth      #####...     1%          4
g - Stone Arrow           Conj/Erth      #####.       1%          3
h - Passwall              Tmut/Erth      #####...     1%          2
i - Apportation           Tloc           ##....       2%          1
j - Bolt of Magma         Conj/Fire/Erth #####.....   1%          5
k - Iron Shot             Conj/Erth      #####.....   4%          6
l - Irradiate             Conj/Tmut      ####......   4%          5
m - Blink                 Tloc           N/A          3%          2

Your spell library contained the following spells:

 Spells                   Type           Power        Failure   Level
 Slow                     Hex            ######..     0%          2
 Magic Dart               Conj           ####         1%          1
 Sandblast                Erth           #####.       1%          1
 Sting                    Tmut/Pois      ###.         1%          1
 Conjure Flame            Conj/Fire      ####....     1%          3
 Mephitic Cloud           Conj/Pois/Air  ###.....     1%          3
 Static Discharge         Conj/Air       ####....     1%          3
 Fulminant Prism          Conj/Hex       #####.....   1%          4
 Leda's Liquefaction      Hex/Erth       ######....   1%          4
 Lee's Rapid Deconstruct  Erth           #####.....   1%          5
 Animate Skeleton         Necr           ##....       2%          1
 Summon Small Mammal      Summ           ##..         2%          1
 Ignite Poison            Fire/Tmut/Pois ###.....     2%          3
 Call Imp                 Summ           ##......     3%          2
 Poisonous Vapours        Pois/Air       ##....       3%          2
 Borgnjor's Vile Clutch   Necr/Erth      ####......   6%          5
 Lightning Bolt           Conj/Air       ####......   9%          5
 Statue Form              Tmut/Erth      #####....    14%         6
 Animate Dead             Necr           ##........   26%         4
 Olgreb's Toxic Radiance  Pois           ##......     26%         4
 Discord                  Hex            ######....   34%         8
 Freezing Cloud           Conj/Ice/Air   ####......   52%         6
 Hydra Form               Tmut           ###.......   58%         6
 Simulacrum               Ice/Necr       ###.......   86%         6
 Death Channel            Necr           ##........   98%         6
 Dragon Form              Tmut           ###.......   99%         7
 Ignition                 Fire           ###.......   100%        8
 Shatter                  Erth           #####.....   100%        9
 Tornado                  Air            ##........   100%        9


Dungeon Overview and Level Annotations

Branches:
Dungeon (15/15)            Temple (1/1) D:5            Lair (6/6) D:8
 Shoals (4/4) Lair:4        Snake (4/4) Lair:4        Slime (0/5) Lair:6
    Orc (2/2) D:12            Elf (0/3) Orc:2        Vaults (3/5) D:14
  Crypt (0/3) Vaults:2     Depths (0/5) D:15          IceCv (visited)

Altars:
Ashenzari
Cheibriados
Dithmenos
Elyvilon
Fedhas
Gozag
Hepliaklqana
Kikubaaqudgha
Makhleb
Nemelex Xobeh
Okawaru
Qazlal
Ru
Sif Muna
Trog
Uskayaw
Vehumet
Wu Jian
Xom
Yredelemnul
Zin
The Shining One

Shops:
D:5 (((?}   D:8 *   D:10 :   Orc:2 *([=   Snake:3 }=}   Vaults:1 ![(
Vaults:2 [

Portals:
Trove: D:10 (give +5 fire dragon scales)

Annotations:
Shoals:1 3 runed translucent doors, Qetamic's ghost, journeyman DEVM
Snake:1 4 runed translucent doors, Yendr0's ghost, journeyman DDFi; kae's ghost, adept MfGl
Snake:3 2 transporters, exclusion: orange crystal statue
Orc:2 lots of hats


Innate Abilities, Weirdness & Mutations

You are very small and have problems with some larger weapons.
You are too small for most types of armour.
You have supernaturally acute eyesight. (SInv)
You cover ground extremely quickly.


Message History

The vault warden is moderately wounded.
The vault warden hits you.
* * * LOW HITPOINT WARNING * * *
You hit the vault warden but do no damage.
The vault warden is moderately wounded.
Your shadow hits the vault warden but does no damage.
Your +2 vorpal war axe hits the vault warden!
You hit the vault warden but do no damage.
Lightning courses through the vault warden!
The vault warden is heavily wounded.
Your shadow hits the vault warden but does no damage.
The vault warden hits you.
* * * LOW HITPOINT WARNING * * *
You barely miss the vault warden.
The vault warden is heavily wounded.
You barely miss the vault warden.
The vault warden is heavily wounded.
Your +2 vorpal war axe hits the vault warden.
The vault warden hits you!!
You die...

*,....#*
#...T,**,,,,***,,
**.....#*#.c.,,*,,,,,*
**,
*#.....##§§##,,,,,,,*
##+ *#.....#p§§##,,,,,,*
#.. *#....#p§§§##,,,,,*
#.. *#...§§§§..#*,,,,*
#.. ######(#######******
#.. #......p# #(.
#.)....@##############..
#..)....#............#..
#....)..+............'..
#...)...#............###
#.......#............#
#.......#.....(......#
#.......#............#
#.......#########''#'###
#......(# #.......


You could see a vault warden and a friendly +2 vorpal war axe.

Vanquished Creatures
  Vashnia (Snake:4)
  Saint Roka (Snake:3)
  Rupert (Lair:3)
  Jorgrun (Shoals:2)
  Asterion (Vaults:1)
  A sphinx (Vaults:2)
  Polyphemus (Shoals:2)
  A tengu reaver (Vaults:2)
  4 nagarajas
  Donald (Snake:4)
  Ilsuiw (Shoals:2)
  Roxanne (Snake:4)
  2 frost giants
  4 vault wardens
  An orc warlord (Orc:2)
  Louise (Shoals:2)
  A ghoul (Vaults:2)
  A very ugly thing (Vaults:1)
  5 ironheart preservers
  2 stone giants
  An entropy weaver (Vaults:1)
  6 dire elephants (Lair:6)
  A vampire knight (Vaults:2)
  5 merfolk javelineers
  An eidolon (Vaults:2)
  2 ettins
  2 yaktaur captains
  4 ogre magi
  6 merfolk impalers
  An ice dragon (Vaults:1)
  Erolcha (D:9)
  4 great orbs of eyes
  2 vault guards (Vaults:3)
  Fannar (Orc:1)
  4 hydras
  4 merfolk avatars
  16 naga warriors
  2 alligator snapping turtles (Shoals:4)
  6 boulder beetles
  4 catoblepae
  3 anacondas
  10 merfolk aquamancers
  8 centaur warriors
  18 naga sharpshooters
  A deep troll shaman (Vaults:2)
  2 death yaks (Shoals:2)
  A deep troll earth mage (Vaults:3)
  A tengu warrior (D:15)
  A queen ant (Lair:3)
  18 two-headed ogres
  6 satyrs
  7 shock serpents
  Urug (Lair:2)
  5 deep elf knights
  4 orc high priests
  2 shadow wraiths (Vaults:2)
  15 sea snakes
  5 unseen horrors
  2 skeletal warriors (Vaults:2)
  3 deep trolls
  14 harpies
  A glowing orange brain (Vaults:2)
  3 naga ritualists
  4 deep elf archers
  3 wizards
  3 mana vipers
  6 orc knights
  9 ironbrand convokers
  2 wolf spider zombies (D:15)
  27 ugly things
  A necromancer (D:15)
  2 orc sorcerers
  15 fauns
  2 wolf spiders (Vaults:2)
  6 cyclopes
  A centaur zombie (D:15)
  13 deep elf magi
  7 salamanders
  16 elephants
  16 merfolk sirens
  17 manticores
  Maurice (D:8)
  2 ice statues (IceCv)
  30 black mambas
  9 water nymphs
  5 vault sentinels
  29 naga magi
  A gargoyle (D:13)
  16 cane toads
  3 rime drakes
  10 komodo dragons
  2 freezing wraiths
  14 yaktaurs
  2 ice devils (Lair:1)
  13 trolls
  34 merfolk
  A tengu conjurer (D:15)
  A meliai (shapeshifter) (D:14)
  2 hornets
  15 polar bears
  3 meliai (D:11)
  4 wind drakes
  11 blink frogs
  8 slime creatures
  A raiju (shapeshifter) (Vaults:3)
  A harpy skeleton (D:15)
  8 snapping turtles
  A meliai zombie (D:12)
  3 vampires
  2 shadows
  3 wraiths
  7 wyverns
  12 water elementals
  57 yaks
  2 basilisks
  3 vampire mosquitoes (D:14)
  2 golden eyes (Vaults:2)
  A basilisk (shapeshifter) (Vaults:2)
  A yaktaur simulacrum (Vaults:3)
  2 steam dragons
  7 wargs
  A human simulacrum (Vaults:3)
  46 nagas
  7 soldier ants
  2 acid dragons
  15 water moccasins
  5 sky beasts
  4 ice beasts
  A swamp drake (Orc:2)
  A black bear (Lair:2)
  20 ogres
  38 orc warriors
  4 phantoms
  A hornet zombie (D:15)
  2 necrophages
  An eye of draining (D:15)
  17 wolves
  15 centaurs
  18 bullfrogs
  A big kobold (D:5)
  A wyvern skeleton (D:8)
  7 scorpions
  6 wights
  10 killer bees (D:8)
  An electric eel (Snake:3)
  7 howler monkeys
  A crimson imp (Orc:2)
  A quasit (D:8)
  An iron imp (Orc:2)
  6 hounds
  25 orc wizards
  A bullfrog skeleton (D:4)
  19 orc priests
  5 jellies
  6 centaur skeletons
  3 iguanas
  37 worker ants
  A hound zombie (D:10)
  A howler monkey zombie (D:10)
  2 worker ant zombies
  13 adders
  3 shadow imps
  2 white imps
  3 ufetubi
  3 oozes
  An adder skeleton (D:4)
  2 worms
  6 dart slugs
  9 leopard geckos
  104 orcs
  8 giant cockroaches
  16 goblins
  9 hobgoblins
  15 jackals
  16 kobolds
  4 quokkas
  2 ball pythons
  10 bats
  5 frilled lizards
  A jackal skeleton (D:4)
  A quokka zombie (D:8)
  9 rats
1297 creatures vanquished.

Vanquished Creatures (collateral kills)
  A warg (Snake:3)
  An orc (Snake:3)
2 creatures vanquished.

Vanquished Creatures (others)
  A deep elf knight (Vaults:3)
  A yaktaur (Vaults:3)
  19 fungi
  152 plants
173 creatures vanquished.

Grand Total: 1472 creatures vanquished

Notes
Turn   | Place    | Note
-------+----------+-------------------------------------------
     0 | D:1      | tilp the Spriggan Enchanter began the quest for the Orb.
     0 | D:1      | Reached XP level 1. HP: 9/9 MP: 5/5
   192 | D:1      | Reached XP level 2. HP: 13/13 MP: 6/6
   201 | D:1      | Reached skill level 5 in Stealth
   206 | D:1      | Learned a level 2 spell: Ensorcelled Hibernation
   720 | D:1      | Reached XP level 3. HP: 14/16 MP: 1/8
   735 | D:1      | Learned a level 3 spell: Confusing Touch
  1280 | D:2      | Found a hide-covered altar of Uskayaw.
  1600 | D:2      | Reached XP level 4. HP: 14/21 MP: 4/9
  2678 | D:3      | Found a broken altar of Ashenzari.
  2778 | D:3      | Noticed a sky beast
  2785 | D:3      | Killed a sky beast
  2785 | D:3      | Reached XP level 5. HP: 24/24 MP: 10/10
  3154 | D:3      | Reached XP level 6. HP: 28/28 MP: 8/11
  3559 | D:4      | Reached skill level 5 in Short Blades
  3658 | D:4      | Found a broken altar of Ashenzari.
  3679 | D:4      | Reached skill level 1 in Evocations
  3819 | D:4      | Reached XP level 7. HP: 32/32 MP: 0/13
  3977 | D:4      | Found a sparkling altar of Nemelex Xobeh.
  4252 | D:4      | Reached skill level 5 in Hexes
  4649 | D:5      | Entered Level 5 of the Dungeon
  4676 | D:5      | Found Gusog's Gadget Boutique.
  4848 | D:5      | Found a staircase to the Ecumenical Temple.
  4866 | Temple   | Entered the Ecumenical Temple
  4956 | Temple   | Became a worshipper of Dithmenos the Shadowed
  5121 | D:5      | Found Wuugagh's Antique Weapon Boutique.
  5146 | D:5      | Reached XP level 8. HP: 36/36 MP: 15/15
  5165 | D:5      | Found Eruto's Antique Weapon Boutique.
  5263 | D:5      | Found Moykkiwk's Magic Scroll Shoppe.
  5332 | D:5      | Bought a scroll of fog for 24 gold pieces
  5447 | D:5      | Found Tigigg's Antique Weapon Emporium.
  5448 | D:5      | Found a blossoming altar of Fedhas.
  5616 | D:5      | Found a sacrificial altar of Ru.
  5691 | D:5      | Reached skill level 1 in Fighting
  5924 | D:5      | Bought a scroll of identify for 24 gold pieces
  5992 | D:6      | Reached * piety under Dithmenos
  6125 | D:6      | Reached skill level 5 in Dodging
  6804 | D:7      | Learned a level 3 spell: Tukima's Dance
  6826 | D:7      | Reached XP level 9. HP: 29/44 MP: 2/16
  6891 | D:7      | Reached skill level 1 in Invocations
  7092 | D:7      | Noticed a two-headed ogre
  7169 | D:7      | Killed a two-headed ogre
  7169 | D:7      | Reached skill level 5 in Evocations
  7452 | D:7      | Reached ** piety under Dithmenos
  7459 | D:7      | Learned a level 3 spell: Dazzling Flash
  7517 | D:7      | Reached skill level 10 in Stealth
  7719 | D:7      | Found a white marble altar of Elyvilon.
  8382 | D:8      | Reached XP level 10. HP: 49/49 MP: 17/17
  8479 | D:8      | Found a staircase to the Lair.
  8502 | D:8      | Noticed Maurice
  8507 | D:8      | Killed Maurice
  8722 | D:8      | Noticed a manticore
  8727 | D:8      | Killed a manticore
  8989 | D:8      | Reached *** piety under Dithmenos
  8989 | D:8      | Reached skill level 1 in Ice Magic
  9026 | D:8      | Reached skill level 1 in Conjurations
  9409 | D:8      | Found a hazy altar of Hepliaklqana.
  9474 | D:8      | Found Buoco's Assorted Antiques.
 10116 | D:9      | Noticed Erolcha
 10495 | D:9      | Killed Erolcha
 10495 | D:9      | Reached skill level 1 in Shields
 10644 | D:9      | Reached skill level 5 in Spellcasting
 10805 | D:9      | Reached XP level 11. HP: 53/53 MP: 14/19
 10851 | D:9      | Found a burning altar of Makhleb.
 10891 | D:10     | Entered Level 10 of the Dungeon
 10913 | D:10     | Noticed an unseen horror
 11048 | D:9      | Killed an unseen horror
 11155 | D:10     | Found the +9 staff of Wucad Mu {channel}
 11454 | D:10     | Reached **** piety under Dithmenos
 11471 | D:10     | Found Ziwn's Book Emporium.
 11494 | D:10     | Found a portal to a secret trove of treasure.
 11503 | D:10     | Bought a book of Geomancy for 455 gold pieces
 11508 | D:10     | Learned a level 4 spell: Petrify
 11512 | D:10     | Learned a level 3 spell: Stone Arrow
 11630 | D:10     | Found a glowing silver altar of Zin.
 12156 | D:11     | Noticed a two-headed ogre
 12164 | D:11     | Killed a two-headed ogre
 12308 | D:11     | Noticed an unseen horror
 12320 | D:11     | Killed an unseen horror
 13046 | D:11     | Learned a level 2 spell: Passwall
 13133 | D:12     | Noticed a boulder beetle
 13140 | D:12     | Killed a boulder beetle
 13140 | D:12     | Reached skill level 10 in Dodging
 13340 | D:12     | Noticed an unseen horror
 13346 | D:12     | Killed an unseen horror
 13346 | D:12     | Reached XP level 12. HP: 49/58 MP: 13/22
 13497 | D:12     | Noticed a boulder beetle
 13504 | D:12     | Killed a boulder beetle
 13534 | D:12     | Reached skill level 5 in Fighting
 13606 | D:12     | Reached skill level 10 in Hexes
 13815 | D:12     | Reached ***** piety under Dithmenos
 14222 | D:12     | Found a staircase to the Orcish Mines.
 14222 | D:12     | Noticed a boulder beetle
 14225 | D:12     | Killed a boulder beetle
 14225 | D:12     | Reached skill level 10 in Short Blades
 14520 | D:5      | Bought a condenser vane (2/2) for 220 gold pieces
 14627 | Lair:1   | Entered Level 1 of the Lair of Beasts
 14670 | Lair:1   | Found a frozen archway.
 14725 | IceCv    | Entered an ice cave
 14999 | IceCv    | Reached skill level 15 in Stealth
 15649 | IceCv    | Noticed a frost giant
 15653 | IceCv    | Killed a frost giant
 15654 | IceCv    | Reached XP level 13. HP: 61/65 MP: 18/23
 15890 | IceCv    | Got a fading hat
 15891 | IceCv    | Identified the cursed +0 hat of Curiosity {*Drain rElec
                  | MR++ Slay+3} (You found it in an ice cave)
 17314 | Lair:2   | Reached skill level 1 in Transmutations
 17642 | Lair:2   | Noticed Urug
 18173 | Lair:3   | Reached skill level 1 in Earth Magic
 18307 | Lair:3   | Reached skill level 15 in Dodging
 19111 | Lair:3   | Noticed Rupert
 19128 | Lair:3   | Killed Rupert
 19466 | Lair:3   | Learned a level 1 spell: Apportation
 19574 | Lair:4   | Found a staircase to the Snake Pit.
 19587 | Lair:4   | Reached ****** piety under Dithmenos
 19871 | Lair:4   | Found a staircase to the Shoals.
 19889 | Lair:4   | Reached XP level 14. HP: 59/70 MP: 15/25
 20235 | Lair:4   | Reached skill level 5 in Invocations
 20909 | Lair:4   | Identified a scroll of acquirement
 20909 | Lair:4   | Acquired a +5 quick blade
 22135 | Lair:6   | Entered Level 6 of the Lair of Beasts
 22543 | Lair:6   | Found a staircase to the Slime Pits.
 24293 | D:8      | Bought an amethyst potion for 26 gold pieces
 24377 | D:5      | Bought a scroll of enchant weapon for 90 gold pieces
 24562 | Orc:1    | Entered Level 1 of the Orcish Mines
 25442 | Orc:1    | Noticed Fannar
 25444 | Orc:1    | Killed Fannar
 26469 | D:10     | Bought a book of the Earth for 845 gold pieces
 26475 | D:10     | Learned a level 5 spell: Bolt of Magma
 26551 | Orc:2    | Entered Level 2 of the Orcish Mines
 26551 | Orc:2    | Found Toephuec's Antique Weapon Shoppe.
 26637 | Orc:1    | Reached XP level 15. HP: 52/75 MP: 28/28
 27083 | Orc:2    | Found Duhugaub's General Store.
 27107 | Orc:2    | Found Cisutzas's Antique Armour Shoppe.
 27127 | Orc:2    | Found a staircase to the Elven Halls.
 27140 | Orc:2    | Noticed an orc warlord
 27224 | Orc:2    | Found Plog's Jewellery Emporium.
 27372 | Orc:2    | Killed an orc warlord
 27372 | Orc:2    | Reached skill level 1 in Fire Magic
 27984 | Orc:2    | Bought the ring of Shadows {Umbra +Inv Stlth+} for 680 gold
                  | pieces
 27984 | Orc:2    | Found the ring of Shadows {Umbra +Inv Stlth+}
 28624 | D:14     | Got a scintillating bone amulet
 28625 | D:14     | Identified the amulet "Fujing" {Inacc rPois rC+ Stlth-}
                  | (You found it on level 14 of the Dungeon)
 28708 | D:14     | Found a gate to the Vaults.
 28840 | D:14     | Reached skill level 5 in Earth Magic
 29854 | D:15     | Entered Level 15 of the Dungeon
 29866 | D:15     | Reached skill level 10 in Evocations
 30035 | D:15     | Reached skill level 5 in Conjurations
 30799 | D:15     | Found a staircase to the Depths.
 31202 | Snake:1  | Entered Level 1 of the Snake Pit
 31475 | Snake:1  | Reached XP level 16. HP: 81/81 MP: 30/30
 31499 | Snake:1  | Found a runed translucent door.
 31557 | Snake:1  | Reached skill level 10 in Spellcasting
 31818 | Snake:1  | Found a runed translucent gate.
 31824 | Snake:1  | Found a runed translucent gate.
 31824 | Snake:1  | Found a runed translucent gate.
 31826 | Snake:1  | Noticed Yendr0's ghost (journeyman DDFi)
 31826 | Snake:1  | Noticed kae's ghost (adept MfGl)
 32269 | Snake:1  | Found a blossoming altar of Fedhas.
 32668 | Snake:2  | Learned a level 6 spell: Iron Shot
 34467 | Snake:3  | Found a transporter.
 34468 | Snake:3  | Found a transporter.
 34873 | Snake:3  | Noticed Saint Roka
 35281 | Snake:3  | Found Sasagutt's Gadget Shoppe.
 35282 | Snake:3  | Found Kuytre's Jewellery Shop.
 35283 | Snake:3  | Found Piunkia's Gadget Shoppe.
 35683 | Snake:4  | Entered Level 4 of the Snake Pit
 35683 | Snake:4  | Noticed Vashnia
 35979 | Snake:4  | Noticed Roxanne
 35979 | Snake:4  | Noticed Donald
 36111 | Snake:3  | Killed Saint Roka
 39457 | Snake:3  | HP: 4/84 [poisoned by a nagaraja (splash of poison)]
 39462 | Snake:3  | HP: 3/84 [poisoned by a nagaraja (splash of poison)]
 39468 | Snake:3  | HP: 2/84 [poisoned by a nagaraja (splash of poison)]
 39476 | Snake:3  | HP: 2/84 [poisoned by a nagaraja (splash of poison)]
 42648 | Snake:3  | Reached XP level 17. HP: 74/88 MP: 33/33
 43814 | Snake:4  | Got a serpentine rune of Zot
 45348 | Snake:4  | Killed Vashnia
 45834 | Snake:4  | Reached skill level 10 in Fighting
 45871 | Snake:4  | Killed Donald
 46358 | Snake:4  | Killed Roxanne
 46556 | Lair:2   | Killed Urug
 46628 | Shoals:1 | Entered Level 1 of the Shoals
 47048 | Shoals:1 | Found a runed translucent gate.
 47391 | Shoals:1 | Found a runed translucent gate.
 47404 | Shoals:1 | Found a runed translucent gate.
 48642 | Shoals:1 | Noticed Qetamic's ghost (journeyman DEVM)
 48648 | Shoals:1 | Identified the cursed +1 quarterstaff of Liuxt {spect, rN+
                  | Str+3 Dex+4}
 48649 | Shoals:1 | Identified the cursed +1 quarterstaff of Liuxt {spect, rN+
                  | Str+3 Dex+4}
 48743 | Shoals:1 | Noticed a kraken
 48963 | Shoals:2 | Noticed Ilsuiw
 48965 | Shoals:2 | Killed Ilsuiw
 49045 | Shoals:2 | Noticed Polyphemus
 49047 | Shoals:2 | Killed Polyphemus
 49186 | Shoals:2 | Noticed Louise
 49191 | Shoals:2 | Killed Louise
 49259 | Shoals:2 | Noticed Jorgrun
 49266 | Shoals:2 | Killed Jorgrun
 50073 | Shoals:1 | Reached XP level 18. HP: 83/93 MP: 29/36
 51403 | Shoals:3 | Reached skill level 15 in Hexes
 52614 | Shoals:4 | Entered Level 4 of the Shoals
 53026 | Shoals:4 | Reached skill level 15 in Evocations
 56089 | Shoals:4 | Got a barnacled rune of Zot
 56978 | Shoals:4 | Reached skill level 15 in Spellcasting
 58011 | Shoals:4 | Identified the +9 dagger of Insomnia {flame, rC- Int+2
                  | Dex+5} (You found it on level 4 of the Shoals)
 58767 | Vaults:1 | Entered Level 1 of the Vaults
 59015 | Vaults:1 | Found Ahoptoe's Antique Weapon Boutique.
 59022 | Vaults:1 | Bought a crude dagger for 182 gold pieces
 59022 | Vaults:1 | Bought a steaming quick blade for 520 gold pieces
 59022 | Vaults:1 | Identified the +3 quick blade of Bodily Harmony {freeze,
                  | rF+ Str+2 Int+4} (You bought it in a shop on level 1 of the
                  | Vaults)
 59023 | Vaults:1 | Identified the +5 dagger of the Feather {flame, +Blink MR-
                  | Str+3 Int+5} (You bought it in a shop on level 1 of the
                  | Vaults)
 59041 | Vaults:1 | Found Zoquq's Armour Emporium.
 59129 | Vaults:1 | Noticed Asterion
 59217 | Vaults:1 | Killed Asterion
 59844 | Vaults:1 | Reached skill level 10 in Earth Magic
 59922 | Vaults:1 | Reached XP level 19. HP: 98/98 MP: 39/39
 60656 | Vaults:1 | Found Puone's Distillery.
 61219 | Vaults:2 | You fall into a shaft and drop 1 floor!
 61619 | Vaults:2 | Found Oqace's Armour Shoppe.
 63421 | Vaults:2 | Found a staircase to the Crypt.
 64288 | Vaults:2 | Identified the Collected Works on Execration
 64444 | Vaults:2 | Learned a level 5 spell: Irradiate
 64447 | Vaults:2 | Learned a level 2 spell: Blink
 64646 | Vaults:3 | Reached skill level 1 in Throwing
 64719 | Vaults:3 | Reached skill level 10 in Conjurations
 65078 | Vaults:3 | Slain by a vault warden

Illustrated notes

Levels and vault maps discovered:
D:1:      dpeg_arrival_morbid_curiosity, layout_basic, grunt_decor_arrowhead,
          minmay_split_cup_large
D:2:      layout_basic, eat_drink_and_be_merry_uskayaw
D:3:      layout_loops_cross, evilmike_ruin_ashenzari
D:4:      layout_rooms, grunt_temple_overflow_open, hangedman_decor_lopped,
          st_stairs_8
D:5:      layout_cave_pods, fedhas_altar_1, nicolae_ru_great_annihilating_truth,
          temple_fountains, serial_shops, shop, nicolae_shop_stone,
          kennysheep_mini_moat, shop, shop, serial_park_tiny_pond,
          lexackson_kobold_supper
D:6:      layout_basic, minmay_misc_feat_rows
D:7:      layout_cave_pods, basic_altar
D:8:      layout_layer_cave, lemuel_crystal_altar, erik_lair_orcish_takeover,
          serial_shops, shop, minmay_misc_feat_four_crosses,
          minmay_shattered_shrine, uniq_maurice
D:9:      layout_roguey, lemuel_statue_altar, uniq_erolcha
D:10:     layout_layer_cave, serial_shops, kennysheep_little_box, enter_trove_2,
          basic_altar
D:11:     layout_roguey
D:12:     layout_roguey, hiddenorc1_lemuel, serial_bayou_crossing
D:13:     layout_rooms
D:14:     layout_layer_cave, david_vaults_1
D:15:     grunt_enter_depths_magical_seal, layout_rooms, serial_park_tiny_1
Temple:   lightli_temple_of_artemis
Lair:1:   layout_cave_shapes, portal_ice_cave_demonic_guard
Lair:2:   layout_gridlike, uniq_urug
Lair:3:   layout_regular_city, zaba_antful_of_joy, uniq_rupert
Lair:4:   layout_cave_pods, elwin_shoals_entry_stream,
          minmay_snake_entry_six_corridors
Lair:5:   layout_loops_ring, serial_forest, infiniplex_forest_clump_long,
          infiniplex_forest_clump_large, infiniplex_forest_clump_large,
          infiniplex_forest_clump_diagonal, infiniplex_forest_split,
          infiniplex_forest_clump_medium
Lair:6:   due_jungle_book, layout_long_grid, minmay_slime_entry_pillars,
          st_stairs_3, fungi_pond_lemuel
Shoals:1: layout_shoals, gammafunk_ghost_split, nicolae_shoals_water_shrine
Shoals:2: layout_shoals, uniq_ilsuiw, uniq_louise, uniq_jorgrun, uniq_polyphemus
Shoals:3: layout_shoals
Shoals:4: shoals_end_grunt_ice, layout_shoals
Snake:1:  layout_chambers, basic_altar, gammafunk_ghost_cemetery,
          nicolae_snake_single_loop, lightli_airlock
Snake:2:  layout_misc_corridors, st_stairs_8
Snake:3:  gammafunk_sealed_arena, layout_onion, minmay_shop_grove,
          serial_bayou_shore_a, uniq_saint_roka
Snake:4:  snake_pit, layout_grid_shapes, uniq_vashnia, uniq_roxanne, uniq_donald
Orc:1:    layout_caves, nicolae_orc_tapped_out, uniq_fannar
Orc:2:    grunt_orc_gardens, layout_caves, grunt_orc_garden, grunt_orc_garden,
          grunt_orc_garden, grunt_orc_garden, hangedman_minor_magic
Vaults:1: v_misc_19, nicolae_vaults_network_square,
          vaults_room_hangedman_quadrants,
          vaults_standard_mumra_enter_the_diamond, ontoclasm_vaults_twist,
          nicolae_vaults_angled_halls, grunt_vaults_hallway_long,
          hangedman_vaults_capsules, nicolae_vaults_shelves_hall,
          vaults_room_fours, vaults_dpeg_hooks, layout_vaults_ring,
          serial_shops, shop, shop_fountains, shop, uniq_asterion
Vaults:2: v_misc_1, nicolae_vaults_back_hallway, grunt_vaults_focal,
          st_hourglassy, minmay_crypt_entry_simple_round,
          grunt_vaults_trifunnel, hangedman_vaults_trim, layout_vaults_big_room,
          serial_hangedman_research, hangedman_research_probablistics,
          serial_shops, shop
Vaults:3: vaults_mumra_hex, vaults_standard_mumra_lines,
          ontoclasm_vaults_ring_large, nicolae_vaults_diagonal_hallway_6,
          v_misc_28, vaults_room_door_ring, vaults_dpeg_spiral,
          nicolae_vaults_three_branches, ontoclasm_vaults_loading_screen,
          ontoclasm_vaults_gateway, hangedman_vaults_corner, v_misc_5,
          nicolae_vaults_angled_halls, layout_vaults_maze_bifur, serial_shops,
          nicolae_shop_statue_plus

Skill      XL: |  1  2  3  4  5  6  7  8  9 10 11 12 13 14 15 16 17 18 19 |
---------------+----------------------------------------------------------+-----
Stealth        | 5 6 7 8 10 12 13 15 16 | 16.0
Short Blades   | 2 3 4 5 7 8 9 10 | 10.0
Spellcasting   | 3 4 5 6 8 9 11 13 15 | 15.0
Evocations     | 2 4 6 7 9 10 11 14 15 | 15.0
Hexes          | 4 7 8 9 10 11 12 14 15 | 15.0
Fighting       | 3 4 6 7 8 9 10 | 10.3
Dodging        | 8 10 13 15 16 | 16.0
Invocations    | 4 6 7 8 |  8.0
Ice Magic      | 1 2 3 4 |  4.0
Conjurations   | 1 2 4 5 6 8 10 | 10.0
Shields        | 1 4 |  4.0
Transmutations | 3 4 |  4.0
Earth Magic    | 2 4 5 7 8 10 12 | 12.0
Fire Magic     | 3 4 |  4.0
Throwing       | 2 |  2.9

Action                   |  1- 3 |  4- 6 |  7- 9 | 10-12 | 13-15 | 16-18 | 19-21 || total
-------------------------+-------+-------+-------+-------+-------+-------+-------++-------
Melee: Dagger            |   111 |   143 |   293 |   650 |   959 |   845 |   264 ||  3265
Throw: Boomerang         |     2 |       |       |       |       |       |       ||     2
 Cast: Corona            |     4 |       |       |       |     3 |     4 |       ||    11
       Ensorcelled Hiber |    19 |    26 |    62 |   127 |   221 |   294 |    84 ||   833
       Confusing Touch   |       |     2 |    15 |    32 |    29 |     8 |     6 ||    92
       Dazzling Flash    |       |       |     1 |    11 |    87 |   191 |    21 ||   311
       Petrify           |       |       |       |       |    17 |     1 |     1 ||    19
       Tukima's Dance    |       |       |       |       |     2 |       |     1 ||     3
       Apportation       |       |       |       |       |     1 |       |       ||     1
       Bolt of Magma     |       |       |       |       |       |   125 |    21 ||   146
       Iron Shot         |       |       |       |       |       |    18 |    11 ||    29
Invok: Shadow Step       |       |       |       |     1 |     5 |     9 |     3 ||    18
 Abil: Evoke Invisibilit |       |       |       |       |       |     3 |       ||     3
Evoke: Wand              |       |       |       |     3 |    12 |     8 |       ||    23
       Condenser vane    |       |       |       |       |     4 |     4 |       ||     8
       Tin of tremorston |       |       |       |       |     2 |       |       ||     2
       Box of beasts     |       |       |       |       |       |     3 |       ||     3
  Use: Scroll            |     4 |     7 |    10 |    11 |    13 |     7 |     3 ||    55
       Potion            |       |       |       |     1 |       |     1 |       ||     2
 Stab: Sleeping          |    25 |    26 |    45 |   107 |   238 |   215 |    95 ||   751
       Distracted        |     1 |     1 |       |     1 |     6 |     1 |       ||    10
       Confused          |       |     2 |    14 |    35 |    28 |     7 |     6 ||    92
       Invisible         |       |       |     1 |    14 |    58 |   111 |    15 ||   199
       Paralysed         |       |       |       |     1 |       |       |       ||     1
       Petrifying        |       |       |       |       |     6 |       |       ||     6
       Petrified         |       |       |       |       |     2 |     1 |       ||     3
Armor: Robe              |    13 |     7 |    13 |       |       |       |       ||    33
       Steam dragon scal |       |       |     7 |    37 |    44 |    25 |     5 ||   118
Dodge: Dodged            |    78 |    94 |   214 |   458 |   801 |   764 |   150 ||  2559
Block: Buckler           |       |       |       |    27 |   235 |   464 |   103 ||   829
       Reflection        |       |       |       |       |     9 |    89 |    12 ||   110

Table legend: (Time is in decaauts)
 A = Elapsed time spent in this place.
 B = Non-inter-level travel time spent in this place.
 C = Inter-level travel time spent in this place.
 D = Time resting spent in this place.
 E = Time spent auto-exploring this place.
 F = Levels seen in this place.
 G = Mean time per level.
                   A        B        C        D        E       F      G
               +--------+--------+--------+--------+--------+-----+--------+
         Total |  52928 |  50484 |   2444 |  26784 |  15261 |  36 | 1470.2 |
       Dungeon |  13785 |  12811 |    974 |   3868 |   6465 |  15 |  919.0 |
        Temple |     67 |     53 |     14 |      0 |     51 |   1 |   67.0 |
          Lair |   6849 |   6320 |    529 |   2365 |   2815 |   6 | 1141.5 |
        Shoals |  10457 |  10182 |    275 |   6922 |   1762 |   4 | 2614.2 |
     Snake Pit |  13273 |  12779 |    494 |   9183 |   1861 |   4 | 3318.2 |
  Orcish Mines |   2235 |   2169 |     66 |    756 |    870 |   2 | 1117.5 |
        Vaults |   5226 |   5138 |     88 |   3142 |   1207 |   3 | 1742.0 |
      Ice Cave |   1032 |   1032 |      0 |    546 |    228 |   1 | 1032.0 |
               +--------+--------+--------+--------+--------+-----+--------+

Top non-repeatable levels by time:
 Snake:3: 7875 daAuts
Shoals:3: 4390 daAuts
Vaults:2: 2580 daAuts
Shoals:1: 2387 daAuts
Shoals:4: 2335 daAuts
 Snake:4: 2330 daAuts
  Lair:4: 1921 daAuts
Vaults:1: 1891 daAuts
 Snake:2: 1573 daAuts
  Lair:6: 1535 daAuts
     D:8: 1500 daAuts
 Snake:1: 1494 daAuts
    D:12: 1396 daAuts
   Orc:1: 1376 daAuts
Shoals:2: 1343 daAuts
